 Dungeon Crawl Stone Soup version 0.27-a0-1532-gca18f49f40 (webtiles) character file.

Game seed: 3221250693504327169

70 nyamberluvr69 the Ducker (level 4, -5/46 HPs)
             Began as an Octopode Berserker on July 12, 2021.
             Was a Believer of Trog.
             Killed from afar by Natasha (6 damage)
             ... with a magic dart
             ... on level 3 of the Dungeon.
             The game lasted 00:02:03 (1598 turns).

nyamberluvr69 the Ducker (Octopode Berserker)       Turns: 1598, Time: 00:02:04

Health: -5/46      AC:  1    Str: 16    XL:     4   Next: 22%
Magic:  4/4        EV: 14    Int:  9    God:    Trog [**....]
Gold:   83         SH:  0    Dex: 12    Spells: 3/3 levels left

rFire    . . .     SeeInvis .   a - +0 falchion
rCold    . . .     Faith    .   (no shield)
rNeg     . . .     Spirit   .   k - +0 hat
rPois    .         Reflect  .   (no amulet)
rElec    .         Harm     .   (no ring)
rCorr    .         Rampage  .   (no ring)
Will     .....                  (no ring)
Stlth    ..........             (no ring)
HPRegen  0.15/turn              (no ring)
MPRegen  0.09/turn              (no ring)
                                (no ring)
                                (no ring)

@: berserking, very quick
A: almost no armour, amphibious, 8 rings, camouflage 1, gelatinous body 1,
(nimble swimmer 1), tentacles
a: Renounce Religion, Berserk, Trog's Hand


You were on level 3 of the Dungeon.
You worshipped Trog.
Trog was pleased with you.
You visited 1 branch of the dungeon, and saw 3 of its levels.

You collected 83 gold pieces.

Inventory:

Hand Weapons
 a - a +0 falchion (weapon)
Missiles
 g - 7 atropa-tipped darts (quivered)
Armour
 k - a +0 hat (worn)
Scrolls
 b - a scroll of enchant armour {unknown}
 d - 2 scrolls of teleportation {unknown}
 f - a scroll of amnesia {unknown}
 h - a scroll of magic mapping {unknown}
 i - a scroll of identify {unknown}
Potions
 c - a potion of mutation {unknown}
 e - a potion of lignification {unknown}
 j - a potion of berserk rage {unknown}


   Skills:
 - Level 3.0 Fighting
 - Level 3.0 Long Blades
 + Level 4.9 Dodging


You had 3 spell levels left.
You didn't know any spells.
Your spell library was empty.

Dungeon Overview and Level Annotations

Branches:
Dungeon (3/15)

Altars:
Ashenzari

Annotations:
D:3 Natasha


Innate Abilities, Weirdness & Mutations

You cannot wear most types of armour.
You are amphibious.
You can wear up to eight rings at the same time.
Your skin changes colour to match your surroundings (Stealth+).
Your rubbery body absorbs attacks. (AC +1, EV +1)
((You are camouflaged near water. (Stealth+)))
You have tentacles for arms and can constrict up to eight enemies at once.


Message History

You have reached level 4!
You hit the gnoll. Your grab misses the gnoll. You squeeze the gnoll.
The gnoll is severely wounded.
The gnoll hits you with a +0 whip.
You hit the gnoll but do no damage. Your grab misses the gnoll.
Your squeeze misses the gnoll.
The gnoll is severely wounded.
The gnoll closely misses you.
You riposte.
You hit the gnoll.
You kill the gnoll!
Trog accepts your kill.
Things that are here:
a +0 whip; a +0 whip; a +0 spear Natasha, Servant of Life and Death comes into view.
Natasha is nearby!
Natasha hisses angrily.
Found 19 gold pieces.
Natasha claws you!
You closely miss Natasha. Your grab misses Natasha. Natasha barely misses you.
Natasha claws you.
* * * LOW HITPOINT WARNING * * *
You hit Natasha but do no damage. Your grab misses Natasha. Natasha claws you.
* * * LOW HITPOINT WARNING * * *
Unknown command.
Okay, then.
Unknown command.
Unknown command.
Unknown command.
A red film seems to cover your vision as you go berserk!
You feel yourself moving faster!
You feel mighty!
Natasha stares at you and mumbles some strange words.
The magic dart hits you.
* * * LOW HITPOINT WARNING * * *
You slash Natasha! You grab Natasha. You squeeze Natasha.
Natasha is almost dead.
You constrict Natasha.
Natasha howls an incantation.
Natasha shimmers violently.
Natasha casts a spell at you. The magic dart hits you.
You die...

.# ...### .....# ...#.#
#.##.# #.##.#
#.##)############
##.##............#
#@...............#
#.....h.....##.####.##.#
#$#####...#.##.# #.##.#
.........#.# ##.##.#
##...##..#.# #..##.#
###.##..#.# #.###.#
#.##..#.# #.# #.#
..##..#.###<###.#
........<...#


You could see Natasha.

Vanquished Creatures
  3 gnolls (D:3)
  A worm (D:2)
  A dart slug (D:2)
  2 endoplasms
  2 hobgoblins
  6 jackals (D:2)
  A quokka (D:1)
  5 ball pythons
  3 bats
  2 frilled lizards
  6 goblins
  A kobold (D:1)
  2 rats
35 creatures vanquished.

Notes
Turn   | Place    | Note
-------+----------+-------------------------------------------
     0 | D:1      | nyamberluvr69 the Octopode Berserker began the quest for
                  | the Orb.
     0 | D:1      | Reached XP level 1. HP: 16/16 MP: 1/1
   367 | D:1      | Reached XP level 2. HP: 21/21 MP: 2/2
   758 | D:2      | Found a broken altar of Ashenzari.
   820 | D:2      | Found a faded altar of an unknown god.
   846 | D:2      | Reached skill level 4 in Dodging
   855 | D:2      | Reached XP level 3. HP: 16/26 MP: 3/3
  1245 | D:2      | Reached ** piety under Trog
  1587 | D:3      | Reached XP level 4. HP: 24/31 MP: 4/4
  1590 | D:3      | Noticed Natasha
  1597 | D:3      | HP: 1/46 [Natasha/magic dart (6)]
  1598 | D:3      | Killed from afar by Natasha

Illustrated notes

Levels and vault maps discovered:
D:1:      dpeg_chamrin_arrival_tetris, layout_basic, minmay_strange_pillars,
          minmay_misc_feat_columns, minmay_misc_feat_more_columns
D:2:      layout_rooms, chequers_ecumenical_altar_simple, basic_altar,
          grunt_ministairs_13
D:3:      layout_loops_ring, uniq_natasha

Skill      XL: |  1  2 |
---------------+-------+-----
Dodging        | 4 |  4.9
Fighting       | |  3.0
Long Blades    | |  3.0

Action                   |  1- 3 |  4- 6 || total
-------------------------+-------+-------++-------
Melee: Falchion          |    60 |     5 ||    65
       Constrict         |    19 |     1 ||    20
       Tentacles         |    12 |     2 ||    14
Invok: Berserk           |       |     1 ||     1
 Stab: Sleeping          |     8 |       ||     8
Armor: Skin              |     5 |       ||     5
Dodge: Dodged            |    48 |     2 ||    50
       Rpst.: Falchion   |    11 |     1 ||    12

Table legend: (Time is in decaauts)
 A = Elapsed time spent in this place.
 B = Non-inter-level travel time spent in this place.
 C = Inter-level travel time spent in this place.
 D = Time resting spent in this place.
 E = Time spent auto-exploring this place.
 F = Levels seen in this place.
 G = Mean time per level.
                   A        B        C        D        E       F      G
               +--------+--------+--------+--------+--------+-----+--------+
         Total |   1606 |   1556 |     50 |    121 |   1187 |   3 |  535.3 |
       Dungeon |   1606 |   1556 |     50 |    121 |   1187 |   3 |  535.3 |
               +--------+--------+--------+--------+--------+-----+--------+

Top non-repeatable levels by time:
     D:2: 798 daAuts
     D:1: 760 daAuts
     D:3: 48 daAuts
